Map: Prion Terraces

Players

Miszu - Winner!

  • Race: Terran Terran
  • League: Diamond

avilo

  • Race: Terran Terran
  • League: Grandmaster

VOD

https://www.youtube.com/watch?v=YQh5J0zO51g

Description

Avilo called my a hacker

Time

  • Played on: March 25, 2016, 6:45 p.m.
  • Length: 20:24
Show
View Real Time Build Order
Export as new Build Order

Miszu Terran - Winner!

Build Orders: MMM Bio 

Get SALT Encoding   

  12  0:00  SCV  
  13  0:13  SCV  
  14  0:17  Supply Depot  
  14  0:25  SCV  
  15  0:39  SCV  
  15  0:40  Barracks  
  16  0:44  Refinery  
  16  0:51  SCV  
  17  1:03  SCV  
  18  1:15  SCV  
  19  1:29  Barracks Reactor, Orbital Command  
  19  1:46  Command Center  
  19  1:54  Supply Depot  
  19  2:03  SCV  
  19  2:05  Marine x2  
  22  2:15  SCV  
  23  2:18  Factory  
  22  2:27  SCV  
  22  2:28  Refinery  
  22  2:29  Marine x2  
  25  2:39  SCV  
  25  2:41  Supply Depot  
  26  2:47  Marine x2  
  28  2:51  SCV  
  28  2:58  Orbital Command  
  29  3:02  Starport  
  29  3:03  SCV  
  29  3:05  Factory Tech Lab  
  30  3:13  Marine  
  30  3:14  Marine  
  30  3:15  SCV  
  33  3:29  Siege Tank  
  33  3:30  SCV  
  33  3:33  Orbital Command  
  37  3:39  Viking  
  39  3:41  Supply Depot  
  39  3:42  SCV  
  40  3:54  SCV  
  41  3:58  SCV  
  41  4:01  Marine x2  
  44  4:03  Siege Tank  
  44  4:06  SCV  
  48  4:10  SCV  
  48  4:11  Supply Depot  
  49  4:18  SCV  
  49  4:23  SCV  
  51  4:30  SCV  
  52  4:35  SCV  
  58  4:39  Viking  
  58  4:43  SCV  
  56  4:47  SCV  
  56  4:48  Barracks  
  56  4:50  Command Center  
  57  4:55  SCV  
  57  4:58  Refinery x2  
  57  4:59  SCV  
  59  5:03  Supply Depot  
  59  5:05  Supply Depot, Marine  
  60  5:08  SCV  
  60  5:09  Starport Reactor  
  61  5:18  Barracks x2  
  61  5:20  SCV  
  62  5:24  SCV  
  62  5:26  Marine x2  
  65  5:32  Supply Depot, SCV  
  66  5:39  Engineering Bay x2  
  66  5:42  SCV  
  67  5:43  Marine x2  
  69  5:51  Barracks  
  69  5:52  Barracks, SCV  
  69  5:54  SCV  
  70  6:01  Marine x2  
  70  6:02  Siege Tank  
  70  6:03  Orbital Command  
  75  6:06  Barracks Tech Lab x2  
  75  6:09  Terran Infantry Armor Level 1  
  75  6:11  Terran Infantry Weapons Level 1  
  75  6:19  Marine x2  
  75  6:21  Medivac  
  75  6:22  Medivac  
  81  6:26  Stimpack  
  81  6:27  Combat Shields  
  83  6:34  Marauder x2  
  83  6:37  Marine x2  
  86  6:43  Missile Turret  
  86  6:45  Barracks Tech Lab, Missile Turret  
  86  6:46  Barracks Tech Lab  
  86  6:47  Barracks Reactor  
  86  6:49  Orbital Command  
  86  6:50  SCV  
  86  6:51  Medivac  
  89  6:55  Marine x2  
  89  6:57  SCV  
  89  6:58  Medivac  
  89  6:59  Marauder  
  96  7:03  SCV  
  97  7:09  SCV  
  98  7:17  SCV x2  
  98  7:18  Marine, Missile Turret  
  98  7:21  Bunker  
  101  7:30  Supply Depot x2  
  101  7:37  Refinery  
  101  7:39  Refinery  
  101  7:48  SCV  
  101  7:51  Marine x4, Marauder x2, SCV  
  101  7:52  Medivac x2, Marauder, SCV  
  117  8:07  Armory  
  117  8:20  Marine x2  
  117  8:32  Marine x2  
  117  8:34  Marine  
  117  8:35  Medivac, Marauder  
  117  8:37  Marauder, Siege Tank  
  117  8:38  Marine x2  
  110  8:50  Marine x2  
  110  8:52  Marauder  
  114  8:56  Marine  
  114  8:57  Marauder  
  114  9:01  Marine x2  
  114  9:08  Marine x2, Terran Infantry Weapons Level 2  
  114  9:09  Terran Infantry Armor Level 2, Command Center  
  116  9:11  Barracks  
  116  9:13  Barracks x2  
  116  9:14  Marine  
  117  9:35  Marine, Medivac  
  117  9:38  Supply Depot  
  117  9:39  Supply Depot  
  117  9:40  Supply Depot  
  117  9:41  Marine  
  117  9:42  Marine x2, Medivac, Marauder  
  124  9:53  Marine  
  124  9:59  Marine x3  
  130  10:00  Marauder x2  
  130  10:03  Marauder  
  130  10:05  Barracks Reactor, Barracks Tech Lab x2, Medivac  
  136  10:11  Supply Depot, Marine  
  136  10:12  Supply Depot  
  136  10:13  Supply Depot x3  
  137  10:17  Marine x3  
  144  10:21  Marauder x2  
  144  10:23  Marine  
  144  10:24  Supply Depot, Marauder  
  144  10:25  Marauder  
  149  10:35  Marine  
  150  10:37  Marine  
  150  10:39  Command Center  
  150  10:40  Marine x2  
  150  10:42  Marauder x3  
  159  10:45  Marauder  
  159  10:46  Marauder  
  159  10:47  Marine x2  
  165  10:50  Medivac  
  165  10:51  Medivac  
  165  10:53  Marine  
  165  10:55  Marine  
  171  11:01  Planetary Fortress  
  171  11:03  Marauder  
  175  11:04  Marauder, Missile Turret  
  175  11:06  Refinery  
  175  11:07  Marine  
  176  11:14  Starport  
  176  11:18  Starport  
  176  11:19  Marine, Marauder  
  179  11:32  Marine x2, Marauder  
  181  11:33  Marine x4  
  181  11:35  Medivac  
  181  11:37  Medivac  
  188  11:56  Marine, Marauder  
  188  12:01  Marine, Marauder x2  
  195  12:02  Marauder  
  195  12:06  Marine  
  195  12:07  Starport Tech Lab  
  197  12:08  Starport Tech Lab  
  197  12:10  Planetary Fortress  
  197  12:30  Missile Turret  
  197  12:34  Raven  
  198  12:38  Raven  
  198  12:43  Terran Infantry Weapons Level 3, Terran Infantry Armor Level 3  
  199  12:46  Refinery  
  199  12:47  Command Center  
  199  12:51  Barracks  
  199  12:52  Barracks x3  
  199  13:00  Marine  
  200  13:18  Refinery  
  200  13:21  Command Center  
  200  13:28  Command Center  
  197  13:35  Refinery  
  197  14:13  Raven  
  198  14:18  Raven  
  198  14:21  Barracks Reactor, Barracks Tech Lab  
  198  14:22  Barracks Tech Lab x2  
  200  14:43  Orbital Command  
  200  14:45  Command Center  
  200  14:51  Planetary Fortress  
  200  14:54  Missile Turret  
  200  15:02  Planetary Fortress  
  200  15:11  Command Center  
  198  15:54  Marauder  
  196  15:59  Marauder  
  196  16:00  Marine  
  196  16:01  Marine x2, Marauder x3  
  196  16:02  Marine x8  
  169  16:14  Marine  
  154  16:18  Marine  
  154  16:19  Marine x2  
  154  16:20  Marine x6, Medivac x2, Marauder x3  
  154  16:21  Medivac x2  
  154  16:22  Marine x3  
  173  16:33  Marauder  
  173  16:36  Marine x2  
  173  16:37  Marine x3  
  173  16:39  Marauder  
  182  16:40  Marauder  
  182  16:41  Marauder x2  
  182  16:42  Marauder x2  
  182  16:43  Marauder  
  185  16:50  Medivac x2  
  185  16:51  Medivac x2, SCV  
  188  16:55  Marauder  
  188  16:57  Marine  
  188  17:00  Marine, Marauder  
  185  17:01  Marine x7, Marauder  
  185  17:06  Marauder  
  183  17:18  Marine  
  183  17:19  Marine x4, Marauder  
  183  17:20  Medivac x3  
  183  17:21  Marine x2, Medivac  
  190  17:23  Marine  
  190  17:29  Marine, Marauder  
  194  17:30  Marine  
  194  17:36  Orbital Command  
  153  17:56  Marine  
  153  17:57  Marine x3, Marauder x2  
  156  17:58  Marauder  
  156  17:59  Marine, Marauder  
  156  18:02  Marauder  
  158  18:06  Marauder  
  158  18:09  Marine, Marauder  
  158  18:10  Marine  
  162  18:17  Marauder  
  163  18:20  Marauder  
  163  18:23  Marine  
  163  18:24  Marine, Marauder  
  163  18:26  Marine  
  148  18:48  Marine  
  148  18:49  Marine x14, Marauder  
  162  19:06  Marine x3  
  162  19:07  Marine, Marauder x4  
  148  19:35  Marine, Marauder x2  
  148  19:36  Marauder  
  148  19:37  Marine x8, Marauder  
  148  19:38  Marine x3  
  126  19:53  Marine  
  126  19:55  Marine x7  
  126  19:56  Marauder x3  
  140  20:02  Marine x3, Marauder  
Show
View Real Time Build Order
Export as new Build Order

avilo Terran 

Build Orders: 1/1/1, Liberator Opening, Mech 

Get SALT Encoding   

  12  0:00  SCV  
  13  0:13  SCV  
  14  0:20  Supply Depot  
  14  0:25  SCV  
  15  0:40  Refinery  
  15  0:42  SCV  
  16  0:46  Barracks  
  16  0:54  SCV  
  17  0:57  Refinery  
  17  1:06  SCV  
  18  1:22  SCV  
  19  1:34  Orbital Command  
  19  1:37  Factory  
  19  1:44  Reaper  
  20  1:50  Supply Depot  
  20  2:00  SCV  
  21  2:12  SCV  
  22  2:20  Starport  
  22  2:24  SCV  
  23  2:36  SCV  
  23  2:39  Liberator  
  23  2:48  SCV  
  24  2:53  Command Center  
  27  2:59  Factory Tech Lab  
  27  3:02  SCV  
  28  3:11  Barracks Reactor  
  28  3:14  SCV  
  29  3:24  Supply Depot  
  29  3:27  SCV  
  30  3:40  SCV  
  31  3:46  Siege Tank  
  34  3:51  Starport Tech Lab  
  34  3:52  Marine x2, SCV  
  36  4:01  Command Center  
  36  4:05  SCV  
  36  4:09  Orbital Command  
  37  4:23  SCV  
  37  4:24  Cloaking Field  
  38  4:34  Refinery, SCV  
  38  4:35  Refinery, SCV  
  40  4:43  Raven  
  40  4:44  Engineering Bay  
  42  4:46  Marine x2  
  42  4:48  SCV  
  42  4:49  SCV  
  46  4:59  Bunker  
  46  5:00  Siege Tank  
  46  5:03  SCV x2  
  51  5:11  Supply Depot  
  51  5:12  Orbital Command  
  51  5:17  SCV x2  
  53  5:29  SCV x2  
  53  5:30  Banshee  
  58  5:41  Missile Turret  
  58  5:43  Missile Turret  
  58  5:45  Missile Turret  
  58  5:49  Siege Tank  
  61  5:55  Factory  
  61  5:56  SCV x2  
  63  6:01  Missile Turret  
  63  6:08  SCV, Orbital Command  
  63  6:10  Factory, Missile Turret  
  64  6:12  SCV  
  64  6:14  Barracks Reactor  
  65  6:20  SCV  
  65  6:24  SCV  
  67  6:27  Siege Tank  
  67  6:32  SCV  
  71  6:34  Factory  
  71  6:35  Factory  
  71  6:38  SCV x2  
  73  6:43  Viking, Missile Turret  
  73  6:44  Sensor Tower, SCV  
  76  6:53  Sensor Tower  
  76  6:58  SCV  
  76  6:59  Supply Depot  
  77  7:10  SCV  
  77  7:11  Viking  
  76  7:20  Viking  
  76  7:21  Siege Tank  
  81  7:27  Hellion x2  
  85  7:31  Missile Turret  
  85  7:33  Factory Tech Lab x2  
  85  7:42  Armory  
  85  7:44  Sensor Tower  
  85  7:45  Missile Turret  
  85  7:47  Missile Turret  
  85  7:48  Missile Turret  
  85  7:50  Missile Turret  
  85  7:53  Supply Depot  
  85  7:54  Supply Depot  
  85  7:55  Supply Depot  
  85  7:59  Refinery  
  85  8:01  Refinery  
  85  8:04  Supply Depot  
  85  8:07  Hi-Sec Auto Tracking  
  85  8:13  SCV  
  85  8:15  Viking, Siege Tank, SCV x2  
  90  8:25  Siege Tank  
  93  8:28  SCV  
  92  8:36  Siege Tank  
  89  8:41  Siege Tank  
  89  8:45  Hellion  
  89  8:47  Hellion  
  92  8:51  Siege Tank  
  89  8:58  Siege Tank  
  88  9:03  SCV x3  
  91  9:10  Hellion  
  91  9:13  Supply Depot  
  91  9:14  Supply Depot  
  93  9:18  Supply Depot  
  93  9:23  Supply Depot  
  93  9:29  Supply Depot  
  93  9:30  Supply Depot, Terran Vehicle Weapons Level 1  
  93  9:31  Hellion, Siege Tank, SCV x3  
  101  9:41  Sensor Tower  
  101  9:43  SCV x3  
  104  9:50  Supply Depot  
  104  9:55  SCV x3  
  107  10:01  Siege Tank x3  
  116  10:07  SCV  
  116  10:10  Supply Depot  
  116  10:11  Supply Depot  
  117  10:15  SCV x2, Missile Turret  
  119  10:23  Siege Tank  
  119  10:27  SCV x3  
  125  10:39  Starport  
  125  10:41  Starport  
  125  10:43  SCV x3  
  128  10:52  Viking  
  128  10:53  Viking  
  132  10:58  Armory  
  131  11:08  Supply Depot  
  131  11:09  SCV  
  131  11:10  Supply Depot x2, SCV  
  133  11:22  Viking  
  133  11:23  Viking  
  137  11:35  Starport Tech Lab x2, Terran Vehicle Weapons Level 2  
  137  11:41  Siege Tank x4  
  149  12:04  Missile Turret  
  149  12:05  Missile Turret  
  149  12:06  Missile Turret  
  149  12:07  Raven x2, Missile Turret  
  153  12:13  Siege Tank x2  
  159  12:24  Command Center, Missile Turret  
  159  12:30  Corvid Reactor  
  159  12:32  Viking  
  159  12:49  Widow Mine x6  
  159  12:50  Drilling Claws  
  169  13:02  Missile Turret x2  
  169  13:14  Command Center, Terran Ship Weapons Level 1  
  169  13:16  Raven  
  169  13:18  Widow Mine x2  
  175  13:34  Viking x3  
  181  13:41  Refinery  
  181  13:45  Refinery  
  181  13:51  Terran Vehicle And Ship Armor Level 1  
  181  13:56  Planetary Fortress  
  181  14:01  Sensor Tower  
  181  14:03  Missile Turret  
  181  14:21  Raven x2  
  185  14:32  Viking x2  
  185  14:37  Command Center  
  189  14:55  Missile Turret  
  189  14:59  Fusion Core  
  189  15:00  Starport  
  189  15:06  Starport  
  189  15:18  Planetary Fortress  
  189  15:24  SCV x3  
  192  15:28  Raven  
  192  15:34  Refinery x2  
  192  15:35  Missile Turret  
  196  15:36  Missile Turret  
  196  15:39  Starport Tech Lab  
  147  16:14  Barracks  
  124  17:19  Liberator x2  
  124  17:21  Factory  
  122  17:27  Hellion x2  
  126  17:30  Factory Tech Lab  
  126  17:35  Factory Tech Lab  
  132  17:38  Factory  
  132  17:40  Factory x2  
  132  17:42  Factory x2  
  130  18:03  Siege Tank  
  130  18:04  Siege Tank  
  136  18:20  Starport  
  136  18:21  Starport  
  134  18:27  Starport Tech Lab  
  134  18:31  Factory Tech Lab x3  
  134  18:32  Factory Tech Lab x2  
  133  18:35  Siege Tank  
  134  18:49  Siege Tank  
  136  19:06  Refinery  
  136  19:08  Starport Tech Lab, Siege Tank  
  132  19:26  Siege Tank x6  
  132  19:30  Hellion  
  146  19:32  Hellion x2  
  108  20:01  Hellion  
  108  20:02  Hellion  
Tags
 
Add a new tag
Caveats
  • Supply blocks, unpowered buildings, or Contaminate may cause inaccurate times.
  • Supply counts are checked every 10 seconds.